 Dungeon Crawl Stone Soup version 0.22-a0-374-g5dfd9e3 (webtiles) character file.

114 iamserjio the Firebug (level 4, 0/30 HPs)
             Began as a Demonspawn Fire Elementalist on Apr 26, 2018.
             Killed by divine providence
             ... invoked by an orc priest
              (14 damage)
             ... on level 3 of the Dungeon.
             The game lasted 00:10:56 (2521 turns).

iamserjio the Firebug (DsFE)                        Turns: 2521, Time: 00:10:57

Health: 0/30       AC:  3    Str:  9    XL:     4   Next: 66%
Magic:  6/8        EV: 12    Int: 17    God:
Gold:   134        SH:  0    Dex: 13    Spells: 5/9 levels left

rFire    + . .     SeeInvis .   d - +0 club
rCold    x . .     Gourm    .   (no shield)
rNeg     . . .     Faith    .   a - +0 robe
rPois    .         Spirit   .   (helmet restricted)
rElec    .         Reflect  .   (no cloak)
rCorr    .         Harm     .   (no gloves)
MR       .....                  b - +0 pair of boots
Stlth    ++........             (no amulet)
HPRegen  0.10/turn              f - ring of fire
MPRegen  0.11/turn              (no ring)

@: no status effects
A: horns 1, talons 1
a: no special abilities


You were on level 3 of the Dungeon.
You were not hungry.

You visited 1 branch of the dungeon, and saw 3 of its levels.

You collected 134 gold pieces.

Inventory:

Hand Weapons
 d - a +0 club (weapon)
Armour
 a - a +0 robe (worn)
 b - a +0 pair of boots (worn)
Jewellery
 f - a ring of fire (left hand)
Scrolls
 e - a scroll of fog
 h - 2 scrolls of remove curse
 i - 2 scrolls of teleportation {unknown}
 l - a scroll of amnesia {unknown}
 n - 3 scrolls of enchant armour {unknown}
 o - a scroll of identify {unknown}
 p - a scroll of random uselessness {unknown}
Potions
 g - a potion of curing {unknown}
 j - a potion of lignification {unknown}
 k - 2 potions of brilliance {unknown}
 m - 2 potions of mutation {unknown}
Comestibles
 c - 6 rations
 q - 3 chunks of flesh


   Skills:
 - Level 2.0 Dodging
 - Level 2.0 Stealth
 + Level 3.0 Spellcasting
 + Level 2.5 Conjurations
 + Level 3.5 Fire Magic


You had 5 spell levels left.
You knew the following spells:

 Your Spells              Type           Power        Failure   Level  Hunger
a - Flame Tongue          Conj/Fire      ###..        4%          1    None
b - Conjure Flame         Conj/Fire      ###.....     16%         3    ###....


Dungeon Overview and Level Annotations

Branches:
Dungeon (3/15)

Altars:
Okawaru


Innate Abilities, Weirdness & Mutations

You have a pair of small horns on your head.
You have sharp toenails.


Message History

You closely miss the orc.
The orc is lightly wounded.
The orc barely misses you.
The orc wizard mumbles some strange words.
The orc wizard seems to speed up.
The orc hits you.
You hit the orc. Your headbutt misses the orc.
The orc is heavily wounded.
The orc priest begins to cast a cantrip, but forgets the words!
The orc priest invokes the aid of Beogh against you.
Beogh smites you!
You hit the orc wizard.
The orc wizard is lightly wounded.
The orc wizard closely misses you.
The orc wizard hits you but does no damage.
The orc wizard hits you but does no damage.
The orc wizard hits you with a dagger.
The orc wizard looks encouraged for a moment.
The orc priest invokes the aid of Beogh against you.
Beogh smites you!
You die...

.. .# .# .# . .#
...####### .#####.
.........######.......
..........o.ooo....#
...###.#@#########.#
#.#.## #.#..# ##.##รท#
###...#.# ........#
###...#.# #.# #
##.##.# #.# # ## #.#
#.# #


You could see an orc priest, an orc wizard and 2 orcs.

Vanquished Creatures
  An orc priest (D:3)
  4 adders (D:2)
  2 leopard geckos (D:2)
  4 orcs
  7 goblins
  8 hobgoblins
  5 kobolds
  A quokka (D:2)
  A ball python (D:2)
  2 bats
  2 frilled lizards
  5 rats
42 creatures vanquished.

Notes
Turn   | Place    | Note
-------+----------+-------------------------------------------
     0 | D:1      | iamserjio the Demonspawn Fire Elementalist began the quest for the Orb.
     0 | D:1      | Reached XP level 1. HP: 13/13 MP: 3/3
   428 | D:1      | Gained mutation: You have sharp toenails. [demonic ancestry]
   428 | D:1      | Reached XP level 2. HP: 19/19 MP: 0/5
  1109 | D:2      | Reached XP level 3. HP: 5/24 MP: 0/6
  1574 | D:2      | Learned a level 3 spell: Conjure Flame
  2163 | D:2      | Gained mutation: You have a pair of small horns on your head. [demonic ancestry]
  2163 | D:2      | Reached XP level 4. HP: 30/30 MP: 6/8
  2284 | D:3      | Found an iron altar of Okawaru.
  2521 | D:3      | Killed from afar by an orc priest

Vault maps used:
D:1:      lightli_arrival_isolated_outpost, bh_walls_and_bars
D:3:      nicolae_overflow_crystal_walls, st_stairs_3

Skill      XL: |  1  2  3  4 |
---------------+-------------+-----
Stealth        | 2 |  2.0
Dodging        | 2 |  2.0
Fire Magic     | 3 |  3.5
Conjurations   | 2 |  2.5
Spellcasting   | 3 |  3.0

Action                   |  1- 3 |  4- 6 || total
-------------------------+-------+-------++-------
Melee: Club              |    43 |    10 ||    53
 Cast: Flame Tongue      |    51 |    17 ||    68
       Conjure Flame     |     1 |     1 ||     2
  Use: Scroll            |     2 |       ||     2
  Eat: Chunk             |     4 |     2 ||     6
Armor: Robe              |    14 |       ||    14
Dodge: Dodged            |    45 |     4 ||    49

Table legend:
 A = Spawn XP
 B = Non-spawn XP
 C = Spawn XP percentage of total XP
 D = Spawn monster count
 E = Non-spawn monster count
 F = Spawn count percentage of total count
 G = Total turns spent on level
                    A         B        C        D         E        F      G
               +---------+---------+-------+---------+---------+-------+---------
         Total |       0 |     163 |   0.0 |       0 |      42 |   0.0 |  2521
               +---------+---------+-------+---------+---------+-------+---------
           D:1 |       0 |      25 |   0.0 |       0 |      14 |   0.0 |  1015
           D:2 |       0 |      73 |   0.0 |       0 |      16 |   0.0 |  1185
           D:3 |       0 |      65 |   0.0 |       0 |      12 |   0.0 |   321
               +---------+---------+-------+---------+---------+-------+---------
